 Dungeon Crawl Stone Soup version 0.28-a0-1435-g82390b3a13 (webtiles) character file.

Game seed: 15229313624990310513

243 hashsling the Magician (level 6, -3/48 HPs)
             Began as a Merfolk Wanderer on Jan 9, 2022.
             Was an Initiate of Sif Muna.
             Killed by an exploding Grinder (34 damage)
             ... ignited by their inner flame
             ... on level 4 of the Dungeon.
             The game lasted 00:16:57 (2905 turns).

hashsling the Magician (Merfolk Wanderer)           Turns: 2905, Time: 00:17:00

Health: -3/48      AC:  2    Str:  9    XL:     6   Next: 9%
Magic:  19/22      EV: 12    Int: 16    God:    Sif Muna [......]
Gold:   139        SH:  9    Dex: 14    Spells: 10/15 levels left

rFire   . . .      SeeInvis .   a - +1 spear
rCold   . . .      Faith    .   l - +0 buckler
rNeg    . . .      Spirit   .   b - +0 robe
rPois   .          Reflect  +   (no helmet)
rElec   .          Harm     .   (no cloak)
rCorr   .          Rampage  .   (no gloves)
Will    .....                   (no boots)
Stlth   +.........              k - amulet of reflection
HPRegen 0.16/turn               j - ring of magical power
MPRegen 0.18/turn               m - ring of wizardry

@: no status effects
A: (nimble swimmer 2), mertail
a: Renounce Religion


You were on level 4 of the Dungeon.
You worshipped Sif Muna.
Sif Muna was noncommittal.
You visited 2 branches of the dungeon, and saw 5 of its levels.

You collected 139 gold pieces.

Inventory:

Hand Weapons
 a - a +1 spear (weapon)
Missiles
 c - 4 curare-tipped darts (quivered)
 f - 18 poisoned darts
Armour
 b - a +0 robe (worn)
 l - a +0 buckler (worn)
Jewellery
 g - a ring of fire
 j - a ring of magical power (left hand)
 k - an amulet of reflection (around neck)
 m - a ring of wizardry (right hand)
 o - an amulet of guardian spirit
Scrolls
 h - a scroll of magic mapping {unknown}
 n - a scroll of identify {unknown}
Potions
 e - a potion of flight {unknown}
 i - a potion of lignification {unknown}
 p - 2 potions of heal wounds {unknown}
 q - a potion of haste {unknown}


   Skills:
 - Level 4.0 Fighting
 - Level 4.0 Polearms
 - Level 2.0 Dodging
 - Level 1.0 Shields
 - Level 5.0 Spellcasting
 * Level 3.4 Transmutations
 + Level 2.1 Ice Magic
 + Level 2.0 Poison Magic


You had 10 spell levels left.
You knew the following spells:

 Your Spells              Type           Power      Damage    Failure   Level
a - Freeze                Ice            40%        1d6       3%          1
b - Spider Form           Tmut/Pois      12%        N/A       9%          3
q - Sting                 Tmut/Pois      48%        1d5       2%          1

Your spell library contained the following spells:

 Spells                   Type           Power      Damage    Failure   Level
 Foxfire                  Conj/Fire      16%        2x1d4     9%          1


Dungeon Overview and Level Annotations

Branches:
Dungeon (4/15)             Temple (1/1) D:4

Altars:
Fedhas
Hepliaklqana
Kikubaaqudgha
Makhleb
Qazlal
Sif Muna
Yredelemnul


Innate Abilities, Weirdness & Mutations

((You are very nimble when in or above water. (Stealth+, EV+, Speed+++)))
Your lower body shifts to a powerful aquatic tail in water.


Message History

You barely miss Grinder.
Grinder is lightly wounded.
Grinder hits you.
You writhe in agony.
You closely miss Grinder.
Grinder is lightly wounded.
Grinder barely misses you.
As you read the scroll labelled SUREPN IF INU, it crumbles to dust.
The creatures around you are filled with an inner flame!
It was a scroll of immolation.
Grinder says, "I used to sell toenails on the black market."
Grinder closely misses you.
Reach: a) +1 spear
Press: ? - help, Dir - move target, f/p - Grinder
Aim: Grinder (lightly wounded, inner flame, about 37% to evade your +1 spear)
Okay, then.
Throw: 5 darts (curare)
Press: ? - help, Q - select action, (/) - cycle Shift-Dir - straight line, f/p - Grinder
Aim: Grinder (lightly wounded, inner flame, 57% to hit)
You throw a curare-tipped dart.
The curare-tipped dart closely misses Grinder.
Grinder barely misses you.
You hit Grinder.
Flame seeps out of Grinder.
Grinder is lightly wounded.
You barely miss Grinder.
Grinder is lightly wounded.
Grinder is engulfed in blazing flames.
Flame seeps out of Grinder.
Grinder closely misses you.
You hit Grinder.
Flame seeps out of Grinder.
Grinder is heavily wounded.
Grinder is engulfed in blazing flames.
Flame seeps out of Grinder.
Grinder gestures at you. Pain shoots through your body!
You hit Grinder.
Flame seeps out of Grinder.
Grinder is almost dead.
Grinder is engulfed in blazing flames.
Sif Muna accepts your kill.
Grinder explodes!
The fiery explosion engulfs you!!
Ouch! That really hurt!
You die...

###### #....# #....#
##### #....##......
#....@§§..... ######
#....#°§(....
#....#########.#.§.....
##........##....#.....(.
........................
##........##.##........#
#..(.....##.##.##.###(#
####.....##.##.. ... .#
########.##.## .##


There were no monsters in sight!

Vanquished Creatures
  Grinder (D:4)
  2 scorpions (D:4)
  2 bullfrog zombies (D:3)
  An adder (D:2)
  An adder skeleton (D:4)
  2 dart slugs
  3 endoplasms
  4 giant cockroaches
  5 goblins
  4 hobgoblins
  A quokka (D:1)
  2 ball pythons
  6 bats
  5 kobolds
  8 rats
47 creatures vanquished.

Vanquished Creatures (others)
  A withered plant (D:2)
1 creature vanquished.

Grand Total: 48 creatures vanquished

Notes
Turn   | Place    | Note
-------+----------+-------------------------------------------
     0 | D:1      | hashsling the Merfolk Wanderer began the quest for the Orb.
     0 | D:1      | hashsling set off with the following items: a +1 spear, a
                  | +0 robe; and the following spells available to memorise:
                  | Foxfire, Freeze, Sting, Spider Form
     0 | D:1      | Reached XP level 1. HP: 18/18 MP: 6/6
     2 | D:1      | Learned a level 1 spell: Freeze
   224 | D:1      | Reached XP level 2. HP: 20/24 MP: 8/8
   355 | D:1      | Reached skill level 1 in Dodging
   918 | D:2      | Reached skill level 1 in Ice Magic
   935 | D:2      | Reached XP level 3. HP: 25/29 MP: 9/9
  1180 | D:2      | Learned a level 1 spell: Sting
  1189 | D:2      | Found a faded altar of an unknown god.
  1682 | D:3      | Reached XP level 4. HP: 16/37 MP: 11/11
  1988 | D:3      | Reached skill level 1 in Shields
  1988 | D:3      | Reached skill level 1 in Transmutations
  1988 | D:3      | Reached XP level 5. HP: 24/42 MP: 12/12
  2470 | D:4      | Found a staircase to the Ecumenical Temple.
  2479 | Temple   | Entered the Ecumenical Temple
  2504 | Temple   | Became a worshipper of Sif Muna the Loreminder
  2575 | D:4      | Reached skill level 1 in Poison Magic
  2659 | D:4      | Reached XP level 6. HP: 27/48 MP: 13/13
  2664 | D:4      | Learned a level 3 spell: Spider Form
  2886 | D:4      | Noticed Grinder
  2905 | D:4      | Killed Grinder
  2905 | D:4      | Killed by an exploding Grinder... ignited by their inner
                  | flame

Illustrated notes

Levels and vault maps discovered:
D:1:      nzn_arrival_crosshair, layout_basic
D:2:      layout_basic, ebering_ecumenical_altar_petrified, minmay_distorted
D:3:      layout_loops_cross, kennysheep_generic_room_9
D:4:      layout_basic, minmay_temple_entry_mini_moons, uniq_grinder
Temple:   regret_index_temple_chain_breaker

Skill      XL: |  1  2  3  4  5 |
---------------+----------------+-----
Polearms       | 2 4 |  4.0
Dodging        | 1 2 |  2.0
Ice Magic      | 1 2 |  2.1
Shields        | 1 |  1.0
Transmutations | 1 3 |  3.4
Fighting       | 4 |  4.0
Poison Magic   | 2 |  2.0
Spellcasting   | |  5.0

Action                   |  1- 3 |  4- 6 || total
-------------------------+-------+-------++-------
Melee: Spear             |   128 |    53 ||   181
Throw: Dart              |     4 |     6 ||    10
 Cast: Freeze            |     1 |     4 ||     5
       Sting             |     2 |     5 ||     7
  Use: Potion            |     1 |       ||     1
       Scroll            |       |     1 ||     1
 Stab: Sleeping          |     3 |     1 ||     4
Armor: Robe              |    10 |     4 ||    14
       Leather armour    |    17 |       ||    17
Dodge: Dodged            |    35 |    19 ||    54
Block: Buckler           |    29 |    18 ||    47

Table legend: (Time is in decaauts)
 A = Elapsed time spent in this place.
 B = Non-inter-level travel time spent in this place.
 C = Inter-level travel time spent in this place.
 D = Time resting spent in this place.
 E = Time spent auto-exploring this place.
 F = Levels seen in this place.
 G = Mean time per level.
                   A        B        C        D        E       F      G
               +--------+--------+--------+--------+--------+-----+--------+
         Total |   2898 |   2853 |     45 |      0 |   2299 |   5 |  579.6 |
       Dungeon |   2856 |   2811 |     45 |      0 |   2287 |   4 |  714.0 |
        Temple |     41 |     41 |      0 |      0 |     12 |   1 |   41.0 |
               +--------+--------+--------+--------+--------+-----+--------+

Top non-repeatable levels by time:
     D:3: 936 daAuts
     D:1: 902 daAuts
     D:2: 621 daAuts
     D:4: 396 daAuts
  Temple: 41 daAuts
